[Event "Titled Tuesday Blitz August 22 Late 2023"]
[White "Jaracz, Pawel"]
[Black "Balla, Tamas-Kristof"]
[WhiteFideId "1102222"]
[BlackFideId "1208497"]
[WhiteElo "2724"]
[BlackElo "2418"]
[Result "1-0"]
[Round "1"]
[TimeControl "180+1"]
[Date "2023.08.22"]
[WhiteClock "0:01:30"]
[BlackClock "0:00:12"]
[Board "90"]

1. e4 c5 2. Nf3 Nc6 3. c3 Nf6 4. e5 Nd5 5. d4 cxd4 6. cxd4 d6 7. exd6 e6 8. Bd3 Bxd6 9. O-O h6 10. Nc3 O-O 11. Bc2 b6 12. Qd3 f5 13. a3 Nf6 14. Re1 Ne7 15. Bb3 Ned5 16. Nxd5 Nxd5 17. Ne5 Bb7 18. Bd2 Qh4 19. Re2 Rad8 20. Rae1 Rf6 21. Nf3 Qh5 22. Rxe6 Rxe6 23. Rxe6 Kh8 24. Ne5 Nc7 25. Rxd6 Rxd6 26. Nf7+ Kh7 27. Nxd6 Bd5 28. Bxd5 Nxd5 29. Qxf5+ 1-0


[Site "https://www.chess.com"]

[Event "Titled Tuesday Blitz August 22 Late 2023"]
[White "Sernecki, Franciszek"]
[Black "Khripachenko, Alexander"]
[WhiteFideId "1169297"]
[BlackFideId "54184975"]
[WhiteElo "2418"]
[BlackElo "2723"]
[Result "1-0"]
[Round "1"]
[TimeControl "180+1"]
[Date "2023.08.22"]
[WhiteClock "0:00:21"]
[BlackClock "0:00:00"]
[Board "91"]

1. e4 c5 2. Ne2 Nc6 3. Nbc3 e6 4. g3 g6 5. Bg2 Bg7 6. d3 Nge7 7. O-O O-O 8. Be3 Nd4 9. Qd2 Nec6 10. Nd1 d6 11. c3 Nxe2+ 12. Qxe2 Rb8 13. h4 b5 14. h5 b4 15. h6 Bh8 16. f4 bxc3 17. bxc3 Bd7 18. Qf2 Qa5 19. e5 dxe5 20. Bxc5 Rfe8 21. Bd6 Rbc8 22. fxe5 Rf8 23. Bxf8 Rxf8 24. d4 Ne7 25. Be4 Nf5 26. Bxf5 exf5 27. Qe3 Bc6 28. c4 Re8 29. Qc3 Qb6 30. c5 Qd8 31. Ne3 f4 32. Rxf4 Qg5 33. Ng4 f5 34. exf6 Re2 35. f7+ Kf8 36. Qb3 Qd8 37. Nf2 Bxd4 38. Rd1 Re4 39. Rxe4 Bxe4 40. Kf1 Qf6 41. Qb8+ Kxf7 42. Qf4 Qxf4 43. gxf4 Bxf2 44. Kxf2 Kf6 45. Ke3 1-0


[Site "https://www.chess.com"]

[Event "Titled Tuesday Blitz August 22 Late 2023"]
[White "Ronka, Erik"]
[Black "Makridis, Dimitrios"]
[WhiteFideId "505080"]
[BlackFideId "25864475"]
[WhiteElo "2415"]
[BlackElo "2719"]
[Result "0-1"]
[Round "1"]
[TimeControl "180+1"]
[Date "2023.08.22"]
[WhiteClock "0:00:03"]
[BlackClock "0:00:10"]
[Board "93"]

1. e4 c6 2. d4 d5 3. Nd2 dxe4 4. Nxe4 Bf5 5. Ng3 Bg6 6. h4 h6 7. Nf3 Nd7 8. h5 Bh7 9. Bd3 Bxd3 10. Qxd3 e6 11. Bd2 Ngf6 12. O-O-O Be7 13. Kb1 O-O 14. Ne4 c5 15. g4 Nxg4 16. Qe2 Kh8 17. Rhg1 f5 18. Nc3 Qb6 19. Ne5 Ngxe5 20. dxe5 Qc7 21. Rde1 Rf7 22. Rg6 Nf8 23. Reg1 Kh7 24. Qe3 Bg5 25. f4 Be7 26. Qg3 Bd8 27. Nb5 Qd7 28. Nd6 Re7 29. Rf6 Bc7 30. Bc3 b5 31. a3 a5 32. a4 b4 33. Bd2 Bxd6 34. exd6 Qxd6 35. Rg6 Raa7 36. Be3 Nxg6 37. Qxg6+ Kh8 38. Kc1 Rf7 39. Rd1 Qe7 40. Bxc5 Qxc5 41. Rd8+ Rf8 42. Rd3 Raf7 43. b3 Qe7 44. Qg3 Qf6 45. Qe3 Qa1+ 46. Kd2 Qf6 47. Rd4 Re7 48. Ke2 Rfe8 49. Rc4 e5 50. Kf2 exf4 51. Qb6 Re2+ 52. Kf1 Re1+ 53. Kf2 R8e2+ 54. Kf3 Qxb6 55. Rc8+ Kh7 56. c4 Qe3# 0-1


[Site "https://www.chess.com"]

[Event "Titled Tuesday Blitz August 22 Late 2023"]
[White "Koellner, Ruben Gideon"]
[Black "SergioMoralesG"]
[WhiteFideId "12993093"]
[WhiteElo "2716"]
[BlackElo "2415"]
[Result "1-0"]
[Round "1"]
[TimeControl "180+1"]
[Date "2023.08.22"]
[WhiteClock "0:02:19"]
[BlackClock "0:00:00"]
[Board "94"]

1. d4 d5 2. Nf3 Nf6 3. e3 Bf5 4. Ne5 e6 5. g4 Bg6 6. h4 h5 7. Nxg6 fxg6 8. g5 Ne4 9. Bd3 Bd6 10. Nd2 Nc6 11. Nxe4 dxe4 12. Bxe4 Qe7 13. Bxg6+ Kd7 14. Bd2 Raf8 15. Qe2 Kc8 16. O-O-O e5 17. d5 Nb8 18. Bxh5 Nd7 19. Bg4 Kb8 20. Bxd7 Qxd7 21. h5 Qf5 22. Rdg1 Qxf2 23. Qxf2 Rxf2 24. h6 gxh6 25. gxh6 Rf7 26. e4 a6 27. c4 b6 28. Rf1 Rfh7 29. Rh5 Kb7 30. Kc2 b5 31. b3 Kb6 32. Be3+ Bc5 33. Rf6+ Kb7 34. Bxc5 1-0


[Site "https://www.chess.com"]

[Event "Titled Tuesday Blitz August 22 Late 2023"]
[White "Mesa Cruz, Juan Carlos"]
[Black "Preotu, Razvan"]
[WhiteFideId "6423400"]
[BlackFideId "2613280"]
[WhiteElo "2414"]
[BlackElo "2716"]
[Result "0-1"]
[Round "1"]
[TimeControl "180+1"]
[Date "2023.08.22"]
[WhiteClock "0:00:02"]
[BlackClock "0:00:09"]
[Board "95"]

1. Nf3 c5 2. g3 Nc6 3. c4 g6 4. Bg2 Bg7 5. O-O e5 6. d3 d6 7. Nc3 Nge7 8. a3 O-O 9. Bd2 a5 10. Rb1 Rb8 11. Ne1 Be6 12. Nc2 d5 13. cxd5 Nxd5 14. Ne3 Nde7 15. Na4 b6 16. b4 cxb4 17. axb4 axb4 18. Bxb4 Nxb4 19. Rxb4 Bd7 20. Qb3 Nc6 21. Rxb6 Nd4 22. Rxb8 Qxb8 23. Qxb8 Nxe2+ 24. Kh1 Rxb8 25. Nc5 Be8 26. Nc4 Nd4 27. Re1 Nc2 28. Rc1 Nb4 29. h4 Kf8 30. Re1 Rc8 31. Nb7 Nxd3 32. Nbd6 Nxe1 33. Nxc8 Nxg2 34. Kxg2 Bc6+ 35. Kg1 e4 36. N8d6 f5 37. Ne3 Bd4 38. Ndc4 Ke7 39. Ng2 h6 40. Nf4 Kf6 41. Ne3 g5 42. hxg5+ hxg5 43. Ne2 Bc5 44. Kf1 Bb5 45. Ke1 Ke5 46. Kd2 Bb4+ 47. Kd1 f4 48. gxf4+ gxf4 49. Nxf4 Ba4+ 50. Ke2 Bb5+ 51. Kd1 Kxf4 52. Nd5+ Kf3 53. Nxb4 Kxf2 54. Nc2 Ba4 55. Kd2 Bxc2 56. Kxc2 e3 57. Kd3 e2 58. Kd4 e1=Q 0-1


[Site "https://www.chess.com"]

[Event "Titled Tuesday Blitz August 22 Late 2023"]
[White "Lamaze, Simon"]
[Black "Kupervaser, Erez"]
[WhiteFideId "36069264"]
[BlackFideId "2814587"]
[WhiteElo "2716"]
[BlackElo "2413"]
[Result "0-1"]
[Round "1"]
[TimeControl "180+1"]
[Date "2023.08.22"]
[WhiteClock "0:00:18"]
[BlackClock "0:00:17"]
[Board "96"]

1. c4 c6 2. d4 d5 3. cxd5 cxd5 4. Bg5 Nc6 5. Nc3 Bf5 6. e4 dxe4 7. d5 Ne5 8. Qa4+ Nd7 9. f3 h6 10. Bh4 e3 11. Nge2 g5 12. Bg3 Nf6 13. Nd4 Bg6 14. Rd1 Bg7 15. Ne6 fxe6 16. dxe6 O-O 17. exd7 Qb6 18. Bc4+ Kh7 19. Qb3 Rfd8 20. Qxb6 axb6 21. Be6 Bc2 22. Ke2 Bxd1+ 23. Rxd1 Nh5 24. Kxe3 Bxc3 25. bxc3 Nxg3 26. hxg3 Kg7 27. Rb1 Kf6 28. Bg4 e6 29. Rxb6 Ra6 30. Rxb7 Rd6 31. Kf2 R8xd7 32. Rb8 Rd8 33. Rb7 Rd2+ 34. Kg1 Rxa2 35. Rb6 Rd1+ 36. Kh2 Raa1 37. Rxe6+ Kf7 0-1


[Site "https://www.chess.com"]

[Event "Titled Tuesday Blitz August 22 Late 2023"]
[White "Jonkman, Harmen"]
[Black "Perske, Thore"]
[WhiteFideId "1002708"]
[BlackFideId "12902195"]
[WhiteElo "2410"]
[BlackElo "2714"]
[Result "1-0"]
[Round "1"]
[TimeControl "180+1"]
[Date "2023.08.22"]
[WhiteClock "0:00:21"]
[BlackClock "0:00:14"]
[Board "97"]

1. d4 d5 2. Nf3 Nf6 3. Bf4 c5 4. e3 Nc6 5. Nbd2 Bg4 6. h3 Bh5 7. c3 e6 8. Be2 Qb6 9. Qb3 c4 10. Qc2 Bg6 11. Qc1 Be7 12. b3 cxb3 13. axb3 h6 14. O-O O-O 15. Ne5 Nxe5 16. Bxe5 Rfc8 17. Qb2 a6 18. Ra2 Rc6 19. c4 Ne4 20. c5 Qd8 21. Rfa1 Rac8 22. b4 Nxd2 23. Qxd2 Bf6 24. Bg3 Bh4 25. Bf4 Bg5 26. Bh2 R6c7 27. Bxc7 Qxc7 28. b5 axb5 29. Bxb5 e5 30. Ra8 e4 31. Qa5 Kh7 32. Qxc7 Rxc7 33. R1a7 f5 34. g3 h5 35. h4 Bf6 36. Rb8 f4 37. gxf4 Rf7 38. Raxb7 Be7 39. c6 Bf5 40. Re8 1-0


[Site "https://www.chess.com"]

[Event "Titled Tuesday Blitz August 22 Late 2023"]
[White "Diaz Perez, Michel Alejandro"]
[Black "Titichoca Daza, Daniel"]
[WhiteFideId "3517179"]
[BlackFideId "3309550"]
[WhiteElo "2712"]
[BlackElo "2409"]
[Result "0-1"]
[Round "1"]
[TimeControl "180+1"]
[Date "2023.08.22"]
[WhiteClock "0:00:17"]
[BlackClock "0:01:15"]
[Board "98"]

1. Nf3 Nf6 2. c4 e6 3. e3 d5 4. b3 b6 5. Bb2 Bd6 6. Qc2 O-O 7. Bd3 Bb7 8. cxd5 exd5 9. Nc3 c5 10. Nb5 Be7 11. Ng5 h6 12. Nh3 Nc6 13. a3 a6 14. Nc3 d4 15. Ne4 Ne5 16. Nxf6+ Bxf6 17. e4 b5 18. O-O Rc8 19. f4 Nxd3 20. Qxd3 c4 21. Qf3 c3 22. Bc1 d3 23. Ra2 Qd4+ 24. Nf2 cxd2 25. Bxd2 Rc2 26. Rxc2 dxc2 27. Be3 Qc3 28. Ng4 Bd4 29. h3 c1=Q 30. Rxc1 Qxc1+ 31. Kh2 Bxe3 32. Nxe3 f5 33. Qg3 Bxe4 34. Qf2 Rd8 35. Qh4 Qxe3 36. Qxd8+ Kh7 37. Qh4 Qxb3 38. Qf2 Qxa3 39. g4 Qd3 40. gxf5 Qc2 41. Qxc2 Bxc2 42. f6 gxf6 43. Kg3 f5 44. Kf2 Be4 45. Ke3 a5 46. Kd4 b4 47. Kc4 Bc2 48. Kd4 b3 49. Kc3 a4 50. Kb2 Kg6 0-1


[Site "https://www.chess.com"]

[Event "Titled Tuesday Blitz August 22 Late 2023"]
[White "Manukian, Artak"]
[Black "Schnaider, Ilan"]
[WhiteFideId "13301373"]
[BlackFideId "169013"]
[WhiteElo "2409"]
[BlackElo "2708"]
[Result "0-1"]
[Round "1"]
[TimeControl "180+1"]
[Date "2023.08.22"]
[WhiteClock "0:00:46"]
[BlackClock "0:01:41"]
[Board "99"]

1. e4 c5 2. Nf3 d6 3. Bb5+ Bd7 4. Bxd7+ Qxd7 5. c4 Nf6 6. Nc3 Nc6 7. O-O g6 8. d4 cxd4 9. Nxd4 Bg7 10. Be3 O-O 11. f3 Rac8 12. b3 Rfd8 13. Qd2 a6 14. a4 e6 15. Rfd1 d5 16. Nxc6 bxc6 17. e5 Ne8 18. f4 Rb8 19. Rab1 Bf8 20. c5 a5 21. Ne2 Qa7 22. Rdc1 Rb4 23. Nd4 Rc8 24. h4 Bxc5 25. Rxc5 Qxc5 26. Nc2 d4 27. Bxd4 Rxd4 28. Nxd4 Rd8 29. Rd1 Qb6 30. Qc3 c5 0-1


[Site "https://www.chess.com"]

[Event "Titled Tuesday Blitz August 22 Late 2023"]
[White "Koziorowicz, Michal"]
[Black "Romero Ruscalleda, Josep"]
[WhiteFideId "21809194"]
[BlackFideId "2231859"]
[WhiteElo "2706"]
[BlackElo "2407"]
[Result "1-0"]
[Round "1"]
[TimeControl "180+1"]
[Date "2023.08.22"]
[WhiteClock "0:00:16"]
[BlackClock "0:00:39"]
[Board "100"]

1. d4 g6 2. c4 Bg7 3. Nc3 d6 4. e4 e5 5. Nf3 Nc6 6. Be3 exd4 7. Nxd4 Nge7 8. Be2 O-O 9. O-O f5 10. Qd2 fxe4 11. Nxe4 Nf5 12. Nxc6 bxc6 13. Bg5 Qe8 14. Ng3 Nd4 15. Rae1 Qf7 16. b3 a5 17. Bd3 a4 18. Re7 axb3 19. Rxf7 Rxf7 20. axb3 Nxb3 21. Qe3 Nc5 22. Be2 Ra2 23. Bf3 Bd7 24. Ne4 Ne6 25. Qb3 Rb2 26. Qa3 d5 27. cxd5 cxd5 28. Nf6+ Rxf6 29. Qxb2 Rxf3 30. Qa2 Rd3 31. h4 h6 32. Bc1 Kh7 33. Bb2 Bf8 34. Qa6 Rd2 35. Bc3 Nc5 36. Qf6 d4 37. Bxd4 Rxd4 38. Qxd4 Bd6 39. h5 gxh5 40. Re1 Kg6 41. Re3 Ne6 42. Qd5 Nf4 43. Qe4+ Kg7 44. Rf3 Ng6 45. Qd4+ Kg8 46. Qd5+ Kg7 47. Qf7+ Kh8 48. Qxg6 h4 49. Qxh6+ Kg8 50. Qg6+ Kh8 51. Qh5+ Kg7 52. Qg5+ Kh7 53. Qxh4+ Kg7 54. Qg5+ Kh7 55. Rf7+ Kh8 56. Qg7# 1-0


[Site "https://www.chess.com"]

[Event "Titled Tuesday Blitz August 22 Late 2023"]
[White "Yang, Kevin"]
[Black "Volkov, Maksim"]
[WhiteFideId "30908485"]
[BlackFideId "54123070"]
[WhiteElo "2405"]
[BlackElo "2705"]
[Result "0-1"]
[Round "1"]
[TimeControl "180+1"]
[Date "2023.08.22"]
[WhiteClock "0:00:03"]
[BlackClock "0:00:13"]
[Board "101"]

1. d4 d5 2. Bf4 h5 3. Nf3 Nf6 4. e3 Bf5 5. c4 c6 6. Nc3 e6 7. Qb3 Qc8 8. Rc1 Nbd7 9. cxd5 Nxd5 10. Bg3 Nxc3 11. bxc3 Be7 12. h3 h4 13. Bf4 O-O 14. Be2 b5 15. c4 Qa6 16. cxb5 Qa5+ 17. Kf1 cxb5 18. Bxb5 Rab8 19. Bxb8 Rxb8 20. a4 a6 21. Qc3 Qxc3 22. Rxc3 axb5 23. Rc7 e5 24. Nxe5 Nxe5 25. dxe5 bxa4 26. Ke2 Be4 27. Ra1 Bd8 28. Rc4 Rb2+ 29. Kd1 Bf5 30. Rd4 Bb6 31. Rf4 Be6 32. Raxa4 Bb3+ 33. Kc1 Rc2+ 34. Kb1 Bxa4 35. Rxa4 Rxf2 36. Rxh4 Bxe3 37. Rg4 Rf4 38. e6 Rxg4 39. exf7+ Kxf7 40. hxg4 Kg6 41. Kc2 Kg5 42. Kd3 Bb6 43. Ke2 Kxg4 44. Kf1 Kg3 0-1


[Site "https://www.chess.com"]

[Event "Titled Tuesday Blitz August 22 Late 2023"]
[White "Krishnan, Varun"]
[Black "Sari, Yasin"]
[WhiteFideId "5054508"]
[BlackFideId "6320902"]
[WhiteElo "2705"]
[BlackElo "2405"]
[Result "1-0"]
[Round "1"]
[TimeControl "180+1"]
[Date "2023.08.22"]
[WhiteClock "0:00:59"]
[BlackClock "0:00:09"]
[Board "102"]

1. d4 Nf6 2. c4 g6 3. g3 Bg7 4. Bg2 O-O 5. Nf3 c5 6. O-O cxd4 7. Nxd4 Nc6 8. Nc3 d6 9. b3 Nxd4 10. Qxd4 Ne4 11. Qxe4 Bxc3 12. Bh6 Bxa1 13. Bxf8 Bf6 14. Bh6 Rb8 15. Rd1 Qc7 16. Qe3 b5 17. c5 Be6 18. Bf4 Be5 19. Bxe5 dxe5 20. c6 f5 21. Qc5 a6 22. Bd5 Bxd5 23. Qxd5+ Kh8 24. Qe6 1-0


[Site "https://www.chess.com"]

[Event "Titled Tuesday Blitz August 22 Late 2023"]
[White "ExchangeAB"]
[Black "carokannlover213"]
[WhiteElo "2404"]
[BlackElo "2704"]
[Result "0-1"]
[Round "1"]
[TimeControl "180+1"]
[Date "2023.08.22"]
[WhiteClock "0:00:13"]
[BlackClock "0:00:05"]
[Board "103"]

1. d4 e6 2. Nc3 Nf6 3. e4 d5 4. exd5 exd5 5. Bd3 c5 6. dxc5 Bxc5 7. Nge2 O-O 8. O-O Be6 9. Nb5 Nc6 10. c3 a6 11. Nbd4 Nxd4 12. Nxd4 Bxd4 13. cxd4 Qd7 14. Bf4 Bf5 15. Rc1 Bxd3 16. Qxd3 Rac8 17. f3 Rfe8 18. Be5 Rc6 19. Rxc6 Qxc6 20. Bxf6 Qxf6 21. Rc1 g6 22. Kf1 Qf4 23. Re1 Rxe1+ 24. Kxe1 Qc1+ 25. Kf2 Qxb2+ 26. Kg3 Qxa2 27. Qe3 Qa4 28. Qe5 Qc6 29. Kf4 Qd7 30. g4 f6 31. Qb8+ Kg7 32. h4 h6 33. h5 g5+ 34. Ke3 a5 35. Qa7 a4 36. Kd2 f5 37. Qb6 Qc6 38. Qd8 fxg4 39. Qe7+ Kg8 40. fxg4 b5 41. Qd8+ Kf7 42. Qh8 Ke7 43. Qg7+ Kd8 44. Qf8+ Kc7 45. Qb4 Kb6 46. Qf8 Ka5 47. Qe7 b4 48. Qa7+ Kb5 49. Qb8+ Kc4 50. Qa7 Kb3 51. Qh7 Qc3+ 52. Ke2 Qc2+ 53. Qxc2+ Kxc2 0-1


[Site "https://www.chess.com"]

[Event "Titled Tuesday Blitz August 22 Late 2023"]
[White "Komov, Roman"]
[Black "Haitin, Ilja"]
[WhiteFideId "24175714"]
[BlackFideId "4501764"]
[WhiteElo "2700"]
[BlackElo "2401"]
[Result "1-0"]
[Round "1"]
[TimeControl "180+1"]
[Date "2023.08.22"]
[WhiteClock "0:00:10"]
[BlackClock "0:00:00"]
[Board "104"]

1. e4 e6 2. d4 d5 3. e5 c5 4. c3 Qb6 5. Nf3 Bd7 6. Bd3 Bb5 7. dxc5 Bxc5 8. b4 Bxd3 9. Qxd3 Bf8 10. a4 Nc6 11. a5 Qc7 12. O-O Nge7 13. Bf4 Ng6 14. Bg3 h5 15. h4 Be7 16. Na3 a6 17. Nc2 Rc8 18. b5 Nxa5 19. bxa6 bxa6 20. Qxa6 Nc4 21. Qb5+ Qd7 22. Qxd7+ Kxd7 23. Rfb1 Rc7 24. Ncd4 Rhc8 25. Rb3 Bc5 26. Kf1 Bxd4 27. cxd4 Ne7 28. Bf4 Nf5 29. g3 Ke8 30. Ke2 Rc6 31. Kd3 Rb6 32. Rab1 Rxb3+ 33. Rxb3 Ra8 34. Ng5 Ra3 35. Rxa3 Nxa3 36. Nh3 Nc4 37. Bc1 f6 38. Nf4 fxe5 39. Nxe6 e4+ 40. Kc3 Kf7 41. Nf4 e3 42. Bxe3 Ncxe3 43. fxe3 Nxe3 44. Nxh5 Nf1 45. Kd3 g6 46. Ke2 Nh2 47. Nf4 Ng4 48. Nxd5 Ke6 49. Ne3 Nf6 50. Kf3 Nd7 51. Kf4 Nb6 52. g4 Na4 53. Kg5 Kf7 54. d5 1-0


[Site "https://www.chess.com"]

[Event "Titled Tuesday Blitz August 22 Late 2023"]
[White "sebastianmarinp"]
[Black "Matinian, Nikita"]
[BlackFideId "24129100"]
[WhiteElo "2399"]
[BlackElo "2699"]
[Result "0-1"]
[Round "1"]
[TimeControl "180+1"]
[Date "2023.08.22"]
[WhiteClock "0:00:02"]
[BlackClock "0:00:03"]
[Board "105"]

1. d4 Nf6 2. Nc3 g6 3. e4 d6 4. Nf3 Bg7 5. Be2 O-O 6. O-O Nc6 7. Be3 Bg4 8. Qd2 e5 9. d5 Ne7 10. Rad1 Nd7 11. Ng5 Bxe2 12. Qxe2 h6 13. Nh3 f5 14. f4 fxe4 15. Nxe4 Nf5 16. Bc1 Qe7 17. Qd3 Rae8 18. Rde1 Qh4 19. c3 Kh7 20. Qb5 Nb6 21. a4 a6 22. Qb3 a5 23. Qb5 exf4 24. Nxf4 Be5 25. g3 Qe7 26. Ne6 Rf7 27. Qd3 c6 28. c4 cxd5 29. cxd5 Nxa4 30. g4 Qh4 31. Re2 Qxg4+ 32. Rg2 Qh4 33. N4g5+ hxg5 34. Nxg5+ Kg7 35. Qb5 Rh8 36. Ne6+ Kf6 37. Bg5+ Qxg5 38. Nxg5 Nc5 39. Qb6 Re7 40. Qb5 Ne4 41. Nxe4+ Kg7 42. Ng5 Bd4+ 43. Kh1 Rh5 44. Ne6+ Rxe6 45. dxe6 Be5 46. Qd7+ Kh6 47. Rxf5 Rxf5 48. e7 Rf1+ 49. Rg1 Rf2 50. Rg2 Rf1+ 51. Rg1 Rf2 52. e8=Q Rxh2# 0-1


[Site "https://www.chess.com"]

[Event "Titled Tuesday Blitz August 22 Late 2023"]
[White "Cuenca Jimenez, Jose Fernando"]
[Black "Albertini, Luca"]
[WhiteFideId "2255570"]
[BlackFideId "847038"]
[WhiteElo "2698"]
[BlackElo "2398"]
[Result "1-0"]
[Round "1"]
[TimeControl "180+1"]
[Date "2023.08.22"]
[WhiteClock "0:00:55"]
[BlackClock "0:00:37"]
[Board "106"]

1. c4 e5 2. Nc3 Nf6 3. Nf3 Nc6 4. e4 Bc5 5. Nxe5 Bxf2+ 6. Kxf2 Nxe5 7. d4 Ng6 8. Bd3 d6 9. Rf1 O-O 10. Kg1 Bg4 11. Qe1 h6 12. Qf2 Kh7 13. h3 Bd7 14. Bd2 c6 15. Rae1 Qb6 16. Be3 Rae8 17. Kh1 Qc7 18. b3 Qa5 19. Bd2 Qh5 20. Kg1 Bxh3 21. gxh3 Qxh3 22. Re3 Qh5 23. Rg3 Qa5 24. Nd5 Qxa2 25. Nxf6+ gxf6 26. Qh2 Nh4 27. e5+ f5 28. Qxh4 Qxd2 29. Bxf5+ Kh8 30. Qf6# 1-0


[Site "https://www.chess.com"]

[Event "Titled Tuesday Blitz August 22 Late 2023"]
[White "Melikhov, Evgeny V."]
[Black "Kourkoulos-Arditis, Stamatis"]
[WhiteFideId "4122046"]
[BlackFideId "4221990"]
[WhiteElo "2396"]
[BlackElo "2694"]
[Result "0-1"]
[Round "1"]
[TimeControl "180+1"]
[Date "2023.08.22"]
[WhiteClock "0:00:11"]
[BlackClock "0:00:27"]
[Board "107"]

1. d4 e6 2. c4 Nf6 3. Nc3 Bb4 4. Qc2 c5 5. dxc5 O-O 6. a3 Bxc5 7. Nf3 b6 8. b3 Bb7 9. Bb2 Nc6 10. e3 Rc8 11. Be2 Be7 12. g4 Nxg4 13. Rg1 Nge5 14. Ne4 f6 15. O-O-O Qc7 16. Kb1 Nxf3 17. Bxf3 Ne5 18. Ng5 fxg5 19. Bxb7 Qxb7 20. Bxe5 b5 21. h4 bxc4 22. b4 a5 23. Bd6 Bxd6 24. Rxd6 axb4 25. Rxg5 bxa3+ 26. Ka2 Qb2+ 27. Qxb2 axb2 28. Rxd7 Rxf2 29. Rgxg7+ Kf8 30. Rxh7 Ra8+ 31. Ra7 Rxa7+ 32. Rxa7 c3 33. Rc7 Rf1 34. Rxc3 b1=Q+ 35. Ka3 Qb7 0-1


[Site "https://www.chess.com"]

[Event "Titled Tuesday Blitz August 22 Late 2023"]
[White "Papasimakopoulos, Alexandros"]
[Black "Jorajuria Mendoza, Algol"]
[WhiteFideId "4244125"]
[BlackFideId "5128897"]
[WhiteElo "2689"]
[BlackElo "2392"]
[Result "1-0"]
[Round "1"]
[TimeControl "180+1"]
[Date "2023.08.22"]
[WhiteClock "0:02:35"]
[BlackClock "0:00:00"]
[Board "108"]

1. d4 d5 2. c4 e6 3. Nc3 Bb4 4. cxd5 exd5 5. Qa4+ Nc6 6. Nf3 Bd7 7. Qb3 Nge7 8. Bg5 f6 9. Bf4 a5 10. a3 a4 11. Qc2 Ba5 12. e3 Ng6 13. Bg3 O-O 14. Bd3 Bxc3+ 15. bxc3 Kf7 16. c4 Be6 17. O-O Nge7 18. Rab1 b6 19. cxd5 Bxd5 20. e4 Bb3 21. Rxb3 axb3 22. Qxb3+ Ke8 23. Bb5 f5 24. Rc1 fxe4 25. Rxc6 Nxc6 26. Qe6+ Qe7 27. Bxc6+ Kd8 28. Qd5+ Kc8 29. Bxa8 exf3 30. gxf3 Rf6 31. Qb7+ Kd7 32. d5 Qc5 33. Qb8 Rf8 34. Bc6+ Ke7 35. Qxc7+ Kf6 36. Qe5+ Kg6 37. Qe4+ Kh6 38. Qh4+ Kg6 39. Qg4+ Kf6 40. Bh4+ Ke5 41. Qe4+ 1-0


[Site "https://www.chess.com"]

[Event "Titled Tuesday Blitz August 22 Late 2023"]
[White "Arnold, Ken"]
[Black "Alex_Sahakyan2006"]
[WhiteFideId "2056836"]
[WhiteElo "2392"]
[BlackElo "2689"]
[Result "0-1"]
[Round "1"]
[TimeControl "180+1"]
[Date "2023.08.22"]
[WhiteClock "0:00:14"]
[BlackClock "0:00:37"]
[Board "109"]

1. d4 g6 2. c4 Bg7 3. Nc3 d6 4. Nf3 Bg4 5. h3 Bxf3 6. exf3 c6 7. Be3 Nf6 8. g3 O-O 9. Bg2 Qb6 10. Qb3 Qa6 11. O-O Nbd7 12. f4 Nb6 13. d5 Nxc4 14. dxc6 bxc6 15. Rac1 Rab8 16. Qa4 Qxa4 17. Nxa4 Nxe3 18. fxe3 c5 19. b3 Nd7 20. Rfd1 Nb6 21. Bc6 Rfc8 22. Bb5 Nd5 23. Rxd5 Rxb5 24. Rc4 Rcb8 25. e4 Bd4+ 26. Kg2 f6 27. f5 Kf7 28. Nc3 Rb4 29. Rxb4 Rxb4 30. Ne2 Be5 31. Kf3 a5 32. Rd3 a4 33. Nf4 axb3 34. axb3 Bxf4 35. Kxf4 gxf5 36. Kxf5 e6+ 37. Kf4 d5 38. Rc3 Rxe4+ 39. Kf3 Rb4 40. Rxc5 Rxb3+ 41. Kf2 d4 42. Rc7+ Kg6 43. Rd7 e5 44. g4 h5 45. Rd8 hxg4 46. Rg8+ Kf7 47. Rxg4 Rxh3 0-1


[Site "https://www.chess.com"]

[Event "Titled Tuesday Blitz August 22 Late 2023"]
[White "GaiozNigalidze"]
[Black "JerMorGurgeh"]
[WhiteElo "2687"]
[BlackElo "2391"]
[Result "1-0"]
[Round "1"]
[TimeControl "180+1"]
[Date "2023.08.22"]
[WhiteClock "0:00:10"]
[BlackClock "0:00:00"]
[Board "110"]

1. d4 e6 2. c4 Nf6 3. Nc3 Bb4 4. f3 d5 5. a3 Bxc3+ 6. bxc3 c5 7. cxd5 Nxd5 8. dxc5 Qa5 9. e4 Nf6 10. Be3 Nfd7 11. Qd4 O-O 12. Qb4 Qc7 13. Nh3 b6 14. cxb6 axb6 15. Bb5 Ba6 16. c4 Nc6 17. Qc3 Nce5 18. Bxa6 Rxa6 19. Bd4 Rc8 20. O-O Qxc4 21. Qe3 Nd3 22. Rfd1 N7c5 23. Bxc5 Nxc5 24. Rac1 Qa4 25. Qd2 h6 26. Rc3 Kh7 27. Nf4 Nb3 28. Qc2 Rxc3 29. Qxc3 Nc5 30. Rb1 Qc6 31. Nh5 f6 32. Nf4 Ra7 33. Nd3 Rc7 34. Nb4 Qb5 35. Qe3 Na4 36. Rd1 Qc5 37. Qxc5 Nxc5 38. Rc1 Ra7 39. Rc3 Kg6 40. Kf2 Kf7 41. Ke3 Ke8 42. Nc6 Ra4 43. Nd4 Kd7 44. h4 g6 45. h5 gxh5 46. Ne2 1-0


[Site "https://www.chess.com"]

[Event "Titled Tuesday Blitz August 22 Late 2023"]
[White "Ozalp, Burak"]
[Black "Hjartarson, Johann"]
[WhiteFideId "6314210"]
[BlackFideId "2300044"]
[WhiteElo "2391"]
[BlackElo "2687"]
[Result "0-1"]
[Round "1"]
[TimeControl "180+1"]
[Date "2023.08.22"]
[WhiteClock "0:01:48"]
[BlackClock "0:02:14"]
[Board "111"]

1. e4 e5 2. Nf3 Nc6 3. Bb5 a6 4. Ba4 Nf6 5. O-O Be7 6. Qe2 b5 7. Bb3 O-O 8. c3 Bb7 9. h3 d5 10. d3 Re8 11. Rd1 Bf8 12. Nbd2 Na5 13. Bc2 c5 14. Nf1 h6 15. Ng3 Qc7 16. Nf5 c4 17. exd5 Bxd5 18. d4 exd4 19. Qf1 d3 0-1


[Site "https://www.chess.com"]

[Event "Titled Tuesday Blitz August 22 Late 2023"]
[White "Pert, Richard G"]
[Black "Ramadoss, Ashokkumar"]
[WhiteFideId "404748"]
[BlackFideId "5040990"]
[WhiteElo "2686"]
[BlackElo "2390"]
[Result "1-0"]
[Round "1"]
[TimeControl "180+1"]
[Date "2023.08.22"]
[WhiteClock "0:00:18"]
[BlackClock "0:00:05"]
[Board "112"]

1. d4 Nf6 2. Bg5 Ne4 3. Bf4 d5 4. e3 e6 5. Bd3 Bd6 6. Ne2 O-O 7. Bxe4 dxe4 8. Nbc3 f5 9. Qd2 a6 10. O-O-O b5 11. f3 exf3 12. gxf3 Bb7 13. Bxd6 cxd6 14. Nf4 Qe7 15. d5 e5 16. Ne6 Rc8 17. e4 f4 18. Rhg1 g6 19. h4 Nd7 20. h5 Nf8 21. hxg6 Nxe6 22. gxh7+ Kh8 23. dxe6 Qxe6 24. Qxd6 Qxd6 25. Rxd6 Rc7 26. Re6 Rac8 27. Rg2 Rxh7 28. Rxe5 Rh1+ 29. Kd2 Rd8+ 30. Nd5 Bxd5 31. exd5 Rh3 32. c3 Kh7 33. b3 Kh6 34. c4 bxc4 35. bxc4 Rxf3 36. c5 Ra3 37. Ke1 f3 38. Rc2 Rd3 39. d6 Kg6 40. Kf2 Kf6 41. Re3 Rd5 42. Rxf3+ Ke5 43. Ke2 Rc8 44. Re3+ Kf5 45. Rec3 Ke5 46. Rc4 Kf5 47. R2c3 Ke5 48. Re3+ Kf5 49. Ra3 Rxd6 50. cxd6 Rxc4 51. Rxa6 Ke6 52. Kd3 Rc1 53. Kd4 Rd1+ 54. Kc5 Rc1+ 55. Kb5 Rd1 56. a4 Rb1+ 57. Kc5 Rc1+ 58. Kb5 Rb1+ 59. Kc6 Rc1+ 60. Kb7 Rb1+ 61. Kc7 Rc1+ 62. Rc6 Rd1 63. a5 1-0


[Site "https://www.chess.com"]

[Event "Titled Tuesday Blitz August 22 Late 2023"]
[White "laidfrq"]
[Black "Olsen, Filip Boe"]
[BlackFideId "1440640"]
[WhiteElo "2389"]
[BlackElo "2686"]
[Result "0-1"]
[Round "1"]
[TimeControl "180+1"]
[Date "2023.08.22"]
[WhiteClock "0:00:05"]
[BlackClock "0:00:14"]
[Board "113"]

1. e4 c5 2. Nf3 a6 3. c4 d6 4. d4 cxd4 5. Nxd4 Nf6 6. Nc3 g6 7. Be2 Bg7 8. O-O O-O 9. Be3 Nc6 10. Nc2 Be6 11. Qd2 Rc8 12. Rac1 Nd7 13. Rfd1 Nce5 14. b3 b5 15. cxb5 Rxc3 16. bxa6 Nc5 17. Bd4 Nxe4 18. Qe1 Rc8 19. a7 Qd7 20. Ba6 Nc5 21. Bxc8 Rxc8 22. Bxc5 Bg4 23. f3 Bxf3 24. Be3 Bxd1 25. Qxd1 Nc6 26. a4 Nxa7 27. a5 Nb5 28. Nb4 Nc3 29. Qd3 Qg4 30. Re1 Qxb4 31. a6 Qa5 32. a7 Nb5 33. Qd5 Qxe1# 0-1


[Site "https://www.chess.com"]